 Dungeon Crawl Stone Soup version 0.27.1-3-gb3d3a73c9e (webtiles) character file.

Game seed: 10807665170795431725

4553 vatarom the Skirmisher (level 10, -2/75 HPs)
             Began as a Djinni Fire Elementalist on Oct 5, 2021.
             Was a Follower of Makhleb.
             Slain by a two-headed ogre (26 damage)
             ... on level 9 of the Dungeon.
             The game lasted 00:25:29 (13001 turns).

vatarom the Skirmisher (Djinni Fire Elementalist)  Turns: 13001, Time: 00:25:30

Health: -2/75      AC:  6    Str:  8    XL:     10   Next: 67%
Gold:   524        EV: 13    Int: 19    God:    Makhleb [*.....] SH:  5 Dex: 20

rFire    + + +     SeeInvis +   f - +6 hand axe (flame)
rCold    . . .     Faith    .   (no shield)
rNeg     . . .     Spirit   .   v - +0 leather armour
rPois    ∞         Reflect  +   d - +0 helmet
rElec    .         Harm     .   (no cloak)
rCorr    .         Rampage  .   p - +0 pair of gloves
Will     +....                  (boots unavailable)
Stlth    ++........             x - amulet of Fadafrypn {Reflect rPois rF+ SH+5 SInv}
HPRegen  0.22/turn              c - ring of protection from cold
MPRegen  0.00/turn              g - +6 ring of dexterity

@: flying
A: sickness immunity, fire resistance 2, cold vulnerability 1, float, innate
caster, hp casting, extra vitality 1
a: Renounce Religion


You were on level 9 of the Dungeon.
You worshipped Makhleb.
Makhleb was aware of your devotion.
You visited 2 branches of the dungeon, and saw 10 of its levels.

You collected 524 gold pieces.

Inventory:

Hand Weapons
 f - a +6 hand axe of flaming (weapon)
 h - a +0 hunting sling
Missiles
 b - 50 sling bullets
 e - 7 curare-tipped darts (quivered)
 t - 2 throwing nets {!f}
 u - 4 silver javelins
Armour
 d - a +0 helmet (worn)
 p - a +0 pair of gloves (worn)
 v - a +0 leather armour (worn)
Jewellery
 c - a ring of protection from cold (left hand)
 g - a +6 ring of dexterity (right hand)
 i - a ring of see invisible
 x - the amulet of Fadafrypn (around neck) {Reflect rPois rF+ SH+5 SInv}
   (You acquired it on level 9 of the Dungeon)

   [amulet of reflection]

   It reflects blocked missile attacks.
   rF:        It protects you from fire.
   rPois:     It protects you from poison.
   SInv:      It lets you see invisible.
   SH:        It affects your SH (+5).
Wands
 k - a wand of paralysis (9)
 q - a wand of iceblast (10) {@v4}
Scrolls
 a - a scroll of magic mapping
 r - 3 scrolls of identify {@r1}
Potions
 j - a potion of ambrosia
 l - 2 potions of heal wounds {@q2}
 m - a potion of flight
 n - 3 potions of curing {@q1}
 o - 2 potions of haste {@q3}
 s - a potion of cancellation
 w - 2 potions of might {@q4}


   Skills:
 + Level 7.0 Fighting
 - Level 5.0 Axes
 + Level 2.1 Throwing
 - Level 6.0 Armour
 - Level 4.0 Dodging
 - Level 1.6 Stealth
 - Level 1.8 Unarmed Combat
 + Level 5.7 Spellcasting
 + Level 5.0 Invocations


You couldn't memorise any spells.
You knew the following spells:

 Your Spells              Type           Power      Damage    Failure   Level
a - Foxfire               Conj/Fire      100%       2x1d9     1%          1
b - Conjure Flame         Conj/Fire      27%        6-21      4%          3
c - Inner Flame           Hex/Fire       27%        N/A       4%          3
d - Sticky Flame          Conj/Fire      27%        2d5       16%         4
e - Fireball              Conj/Fire      13%        3d7       38%         5
f - Sting                 Tmut/Pois      100%       1d8       1%          1
g - Static Discharge      Conj/Air       27%        N/A       2%          2
h - Teleport Other        Tloc           27%        N/A       4%          3
q - Stone Arrow           Conj/Erth      54%        3d10      4%          3
Your spell library was empty.

Dungeon Overview and Level Annotations

Branches:
Dungeon (9/15)             Temple (1/1) D:6            Lair (0/6) D:8
    Orc: D:9-12

Altars:
Cheibriados
Elyvilon
Fedhas
Gozag
Hepliaklqana
Kikubaaqudgha
Makhleb
Nemelex Xobeh
Okawaru
Qazlal
Ru
Sif Muna
Trog
Uskayaw
Vehumet
Yredelemnul
Zin
The Shining One

Annotations:
D:3 Grinder


Innate Abilities, Weirdness & Mutations

You are immune to sickness and miasma.
You are immune to poison.
Your flesh is very heat resistant. (rF++)
You are vulnerable to cold. (rC-)
You float through the air rather than walking.
You learn spells naturally, not from books.
Your magical power is your life essence.
You have superior vitality. (+4 HP)


Message History

Key pressed, stopping explore.
You now have 520 gold pieces (gained 17).
You now have 524 gold pieces (gained 4).
You see here a yak corpse.
You see here 16 stones.
Key pressed, stopping explore.
Casting: Stone Arrow (dangerous; 4% risk of failure)
Confirm with . or Enter, or press ? or * to list all spells.
Aiming: Stone Arrow (dangerous; 4% risk of failure)
Press: ? - help, Shift-Dir - straight line, f - two-headed ogre
Aim: a two-headed ogre, wielding two +0 giant clubs (86% to hit)
The stone arrow hits the two-headed ogre!
The two-headed ogre is moderately wounded.
Casting: Stone Arrow (dangerous; 4% risk of failure)
Confirm with . or Enter, or press ? or * to list all spells.
Aiming: Stone Arrow (dangerous; 4% risk of failure)
Press: ? - help, Shift-Dir - straight line, f/p - two-headed ogre
Aim: a two-headed ogre, wielding two +0 giant clubs (moderately wounded, 86% to hit)
The stone arrow hits the two-headed ogre!
The two-headed ogre is heavily wounded.
Casting: Stone Arrow (dangerous; 4% risk of failure)
Confirm with . or Enter, or press ? or * to list all spells.
The two-headed ogre is struck by an arc of lightning!
The two-headed ogre is heavily wounded.
You are struck by an arc of lightning.
The lightning grounds out.
Casting: Static Discharge (safe; 2% risk of failure)
Confirm with . or Enter, or press ? or * to list all spells.
The two-headed ogre is struck by an arc of lightning.
The two-headed ogre is severely wounded.
The lightning grounds out.
The two-headed ogre completely misses you.
The two-headed ogre hits you with a +0 giant club!!
Casting: Static Discharge (safe; 2% risk of failure)
Confirm with . or Enter, or press ? or * to list all spells.
The two-headed ogre is struck by an arc of lightning.
The two-headed ogre is severely wounded.
You are struck by an arc of lightning.
The lightning grounds out.
The two-headed ogre hits you with a +0 giant club!
The two-headed ogre hits you with a +0 giant club!!
You die...

### #.. #.# .# ... .# #
#.# ### ##.# ... #.#...
...#
.....###.#.####.#####..#
.....'O@...........Y....
.....###.#.#..#. #.....
... #.# # #...## . #.#
#....< #.# #.........
#.# .#....#.#.
#.#########....#.
#.........'....#.
#####....#####.#.


You could see a two-headed ogre.

Vanquished Creatures
  A fire dragon (D:8)
  Maggie (D:8)
  3 yaks
  A steam dragon (D:4)
  A water moccasin (D:5)
  2 orc warriors
  A black bear (D:6)
  2 ice beasts
  A necrophage (D:7)
  3 sky beasts
  An ogre (D:6)
  A centaur (D:8)
  A bullfrog (D:7)
  A scorpion (D:4)
  A water moccasin zombie (D:5)
  A wyvern skeleton (D:6)
  5 killer bees (D:9)
  6 howler monkeys (D:9)
  10 wights
  A hound (D:7)
  2 jellies
  3 orc priests
  A bullfrog skeleton (D:5)
  A centaur skeleton (D:7)
  A gnoll shaman (D:7)
  3 iguanas
  Ijyb (D:3)
  7 orc wizards
  A killer bee zombie (D:7)
  4 gnolls
  7 adders
  A shadow imp (D:7)
  3 white imps
  An ufetubus (D:6)
  2 worms
  4 dart slugs
  11 orcs
  9 ball pythons
  4 bats
  3 endoplasms
  2 giant cockroaches
  6 goblins
  4 hobgoblins
  8 quokkas
  4 frilled lizards
  3 kobolds
  3 rats
143 creatures vanquished.

Vanquished Creatures (others)
  A hornet zombie (D:8)
  258 foxfires
259 creatures vanquished.

Grand Total: 402 creatures vanquished

Notes
Turn   | Place    | Note
-------+----------+-------------------------------------------
     0 | D:1      | vatarom the Djinni Fire Elementalist began the quest for
                  | the Orb.
     0 | D:1      | Reached XP level 1. HP: 15/15 MP: 0/0
    20 | D:1      | Noticed a minotaur zombie
   238 | D:1      | Reached XP level 2. HP: 4/21 MP: 0/0
   671 | D:1      | Reached skill level 1 in Unarmed Combat
  1033 | D:1      | Reached XP level 3. HP: 21/25 MP: 0/0
  1033 | D:1      | Learned a level 1 spell: Sting
  2166 | D:2      | Reached XP level 4. HP: 3/31 MP: 0/0
  2556 | D:2      | Reached skill level 1 in Fighting
  3456 | D:3      | Found a stormy altar of Qazlal.
  3484 | D:3      | Reached XP level 5. HP: 12/38 MP: 0/0
  3484 | D:3      | Learned a level 2 spell: Static Discharge
  3726 | D:3      | Noticed Grinder
  3887 | D:3      | Found a bloodstained altar of Trog.
  4064 | D:3      | Reached skill level 2 in Fighting
  4215 | D:3      | Noticed Ijyb
  4220 | D:3      | Killed Ijyb
  4237 | D:3      | Found a faded altar of an unknown god.
  4497 | D:4      | Noticed a steam dragon
  4791 | D:4      | Reached skill level 3 in Fighting
  4791 | D:4      | Reached skill level 1 in Axes
  4791 | D:4      | Reached XP level 6. HP: 37/46 MP: 0/0
  4798 | D:4      | Killed a steam dragon
  4799 | D:4      | Reached XP level 7. HP: 31/50 MP: 0/0
  4799 | D:4      | Learned a level 3 spell: Teleport Other
  5369 | D:5      | Entered Level 5 of the Dungeon
  5381 | D:5      | Reached skill level 1 in Armour
  5501 | D:5      | Reached skill level 4 in Fighting
  5673 | D:5      | Noticed a water moccasin
  5706 | D:5      | Killed a water moccasin
  6134 | D:6      | Reached XP level 8. HP: 17/58 MP: 0/0
  6706 | D:6      | Found a staircase to the Ecumenical Temple.
  6727 | Temple   | Entered the Ecumenical Temple
  6788 | Temple   | Became a worshipper of Makhleb the Destroyer
  7173 | D:6      | Reached skill level 1 in Invocations
  8015 | D:7      | Found an opulent altar of Gozag.
  8029 | D:7      | Reached skill level 5 in Fighting
  8172 | D:7      | Reached XP level 9. HP: 56/65 MP: 0/0
  8172 | D:7      | Learned a level 3 spell: Stone Arrow
  8282 | D:7      | Reached skill level 5 in Armour
  9049 | D:7      | Reached * piety under Makhleb
  9185 | D:8      | Found a staircase to the Lair.
  9185 | D:8      | Noticed a fire dragon
 10390 | D:8      | Killed a fire dragon
 10391 | D:8      | Reached skill level 6 in Fighting
 10391 | D:8      | Reached skill level 5 in Spellcasting
 10391 | D:8      | Reached XP level 10. HP: 23/72 MP: 0/0
 10820 | D:8      | Noticed Maggie
 10827 | D:8      | Killed Maggie
 10828 | D:8      | Reached skill level 5 in Axes
 10902 | D:8      | Found a glowing golden altar of the Shining One.
 10976 | D:8      | Found a basalt altar of Yredelemnul.
 11016 | D:8      | Found an iron altar of Okawaru.
 11864 | D:8      | Reached skill level 1 in Throwing
 12187 | D:8      | Noticed an angel
 12244 | D:9      | Noticed a two-headed ogre
 12575 | D:9      | Identified a scroll of acquirement
 12575 | D:9      | Acquired the amulet of Fadafrypn {Reflect rPois rF+ SH+5
                  | SInv}
 12858 | D:9      | Reached skill level 7 in Fighting
 12858 | D:9      | Reached skill level 5 in Invocations
 13001 | D:9      | Slain by a two-headed ogre

Illustrated notes

Levels and vault maps discovered:
D:1:      shiori_arrival_whats_in_store_for_you, layout_basic
D:2:      layout_basic
D:3:      layout_loops_cross, mainiacjoe_overflow_concentric_impassable,
          lightli_temple_of_fire, hellmonk_ecumenical_altar_inner_sanctum,
          minmay_fractal_squares_gapless_5, uniq_grinder, uniq_ijyb
D:4:      layout_rooms, chequers_garden
D:5:      layout_rooms
D:6:      layout_loops_corners, minmay_temple_entry_statues_fountains,
          nicolae_sextant
D:7:      layout_cave_pools, lemuel_crystal_altar, chequers_avenue
D:8:      layout_layer_cave, kennysheep_mini, mainiacjoe_overflow_alcove_1,
          kennysheep_orc_sif_temple, grunt_temple_overflow_holy_war,
          minmay_lair_entry_lava, uniq_maggie
D:9:      layout_basic, nzn_wu_jian_contemplation, serial_aquarium,
          aquarium_bridge_island_small [aquarium_subvault_small_open,
          aquarium_subvault_balcony, aquarium_subvault_wall,
          aquarium_subvault_bridge, aquarium_subvault_bridge],
          aquarium_window_double, aquarium_window_corner, aquarium_view_2c,
          aquarium_view_2f, aquarium_balcony_1a
Temple:   zaba_magenta_temple

Skill      XL: |  1  2  3  4  5  6  7  8  9 10 |
---------------+-------------------------------+-----
Unarmed Combat | 1 |  1.8
Fighting       | 1 3 4 5 6 7 |  7.0
Dodging        | 3 4 |  4.0
Spellcasting   | 3 4 5 |  5.7
Axes           | 1 2 3 4 5 |  5.0
Armour         | 2 4 6 |  6.0
Invocations    | 1 3 5 |  5.0
Throwing       | 2 |  2.1
Stealth        | |  1.6

Action                   |  1- 3 |  4- 6 |  7- 9 | 10-12 || total
-------------------------+-------+-------+-------+-------++-------
Melee: Unarmed           |     1 |       |       |       ||     1
       Spear             |     8 |       |       |       ||     8
       Hand axe          |       |    39 |    59 |    18 ||   116
       Punch             |       |     1 |       |       ||     1
Throw: Dart              |       |     1 |     3 |       ||     4
 Cast: Foxfire           |    53 |    30 |    74 |     9 ||   166
       Sting             |    17 |    13 |    20 |       ||    50
       Conjure Flame     |     1 |       |       |       ||     1
       Teleport Other    |       |       |     5 |       ||     5
       Static Discharge  |       |       |    13 |    18 ||    31
       Stone Arrow       |       |       |    31 |    29 ||    60
Evoke: Wand              |       |     4 |    17 |     3 ||    24
  Use: Scroll            |     2 |     2 |    10 |     1 ||    15
       Potion            |     1 |     1 |     6 |     1 ||     9
 Stab: Sleeping          |       |     2 |     3 |     1 ||     6
       Paralysed         |       |     4 |       |       ||     4
Armor: Robe              |     1 |    10 |    19 |       ||    30
       Leather armour    |       |       |    15 |    12 ||    27
Dodge: Dodged            |    26 |    50 |    90 |    13 ||   179
Block: Other             |       |       |       |     1 ||     1
